 Dungeon Crawl Stone Soup version 0.31.0-9-g3a7656b989 (webtiles) character file.

Game seed: 15592111902532236791

86 GordonOverkill the Sneak (level 4, -4/37 HPs)
             Began as a Formicid Delver on Jan 25, 2024.
             Slain by an orc priest
             ... wielding a +0 falchion
              (6 damage)
             ... on level 4 of the Dungeon.
             The game lasted 00:04:54 (3060 turns).

GordonOverkill the Sneak (Formicid Delver)          Turns: 3060, Time: 00:04:54

Health: -4/37      AC: 11    Str: 19    XL:     4   Next: 78%
Magic:  4/4        EV:  8    Int:  9    God:
Gold:   337        SH:  0    Dex: 15    Spells: 3/3 levels left

rFire   . . .        a - +0 spear
rCold   . . .        (no shield)
rNeg    . . .        n - +3 chain mail {rPois}
rPois   +            (helmet unavailable)
rElec   .            (no cloak)
rCorr   .            (no gloves)
SInv    +            (no boots)
Will    .....        (no amulet)
Stlth   +            (no ring)
HPRegen 0.26/turn    (no ring)
MPRegen 0.09/turn

%: no passive effects
@: no status effects
A: permanent stasis, dig shafts and tunnels, antennae 3, four strong arms
a: Dig, Shaft Self


You were on level 4 of the Dungeon.
You visited 1 branch of the dungeon, and saw 6 of its levels.

You collected 337 gold pieces.

Inventory:

Hand Weapons
 a - a +0 spear (weapon)
Armour
 n - a +3 chain mail of poison resistance (worn)
Jewellery
 j - a ring of ice
Wands
 f - a wand of digging (3)
Scrolls
 c - a scroll of fog
 d - 4 scrolls of revelation
 h - a scroll of amnesia
 l - a scroll of poison
Potions
 e - 2 potions of magic
 i - a potion of mutation
 k - a potion of cancellation
 p - 2 potions of haste


   Skills:
 - Level 4.0 Fighting
 - Level 4.0 Polearms
 + Level 0.9 Armour
 - Level 1.7 Dodging
 - Level 6.0 Stealth


You had 3 spell levels left.
You didn't know any spells.
Your spell library contained the following spells:

 Spells                   Type           Power      Damage    Failure   Level
 Magic Dart               Conj           0%         1d3       98%         1
 Call Imp                 Summ           0%         N/A       99%         2
 Passage of Golubria      Tloc           0%         N/A       100%        4
 Silence                  Hex/Air        0%         N/A       100%        5
 Lehudib's Crystal Spear  Conj/Erth      0%         10d2      100%        8
 Blink                    Tloc           Unusable   N/A       N/A         2

Dungeon Overview and Level Annotations

Branches:
Dungeon (6/15)
 Temple: D:4-7

Altars:
Ashenzari
Elyvilon
Gozag


Innate Abilities, Weirdness & Mutations

You cannot be hasted, slowed, berserked, paralysed or teleported.
You can dig through walls and to a lower floor.
You have a pair of large antennae on your head. (SInv)
Your four strong arms can wield two-handed weapons with a shield.


Message History

The orc priest invokes the aid of Beogh against you.
Beogh smites you!
* * * LOW HITPOINT WARNING * * *
You feel better. The orc hits you with a +0 falchion.
* * * LOW HITPOINT WARNING * * *
The orc priest hits you but does no damage.
You feel better. The orc hits you but does no damage.
The orc priest begins to cast a cantrip, but forgets the words!
It was a potion of haste.
Your stasis prevents you from being hasted.
The orc hits you but does no damage.
The orc priest hits you but does no damage.
You hit the orc priest but do no damage.
The orc priest is severely wounded.
The orc hits you but does no damage. The orc priest misses you.
You barely miss the orc priest.
The orc priest is severely wounded.
The orc closely misses you.
The orc priest mumbles some strange prayers to Beogh against you.
Pain shoots through your body!
* * * LOW HITPOINT WARNING * * *
You feel better. The orc hits you but does no damage.
The orc priest invokes the aid of Beogh against you.
Beogh smites you!
* * * LOW HITPOINT WARNING * * *
You hit the orc priest but do no damage.
The orc priest is severely wounded.
The orc barely misses you.
The orc priest calls down the wrath of Beogh upon you.
Pain shoots through your body!
* * * LOW HITPOINT WARNING * * *
You hit the orc priest but do no damage.
The orc priest is severely wounded.
The orc hits you but does no damage.
The orc priest miscasts a cantrip.
You hit the orc priest.
The orc priest is severely wounded.
The orc hits you but does no damage.
The orc priest hits you with a +0 falchion.
You die...

#....o..# #. ..#
#.......... #.....
...o .....#
#.......... +....
..#.#.#.#..#
#..........
#...##...........#
#..........
##...##..#.#.#.#..#{
##.....####
..................#
#.....#...
.........#.#.#.#..#
#.....#...
...............oo.#
#.....#...
.........#.#.#.#@.#
#.....#...
..................#
+.....'...
.........#.#.#.#..#
#...O.#...
.........<........#
#...<.#...
##########.#.#.#..#
#.....####
###.....## #######
#######


You could see an orc priest and an orc.

Vanquished Creatures
  4 gnolls
  2 adders (D:2)
  A bat (D:1)
  3 endoplasms
  3 giant cockroaches
  3 goblins
  2 hobgoblins
  4 ball pythons
  2 frilled lizards
  4 kobolds
  4 rats
32 creatures vanquished.

Vanquished Creatures (others)
  A quokka (D:3)
1 creature vanquished.

Grand Total: 33 creatures vanquished

Notes
Turn   | Place    | Note
-------+----------+-------------------------------------------
     0 | D:5      | GordonOverkill the Formicid Delver began the quest for the
                  | Orb.
     0 | D:5      | Reached XP level 1. HP: 18/18 MP: 1/1
     3 | D:6      | Noticed a jelly
     5 | D:6      | Noticed a bullfrog
    15 | D:4      | Noticed an orc priest
   347 | D:1      | Reached XP level 2. HP: 24/24 MP: 2/2
   459 | D:1      | Found a faded altar of an unknown god.
   648 | D:1      | Reached XP level 3. HP: 21/29 MP: 3/3
  1644 | D:2      | Reached XP level 4. HP: 33/35 MP: 4/4
  1910 | D:3      | Found a broken altar of Ashenzari.
  2479 | D:3      | Found an opulent altar of Gozag.
  2722 | D:3      | Found a white marble altar of Elyvilon.
  2724 | D:3      | Identified the +2 rapier "Syus" {vamp, *Slow rC+ Dex+8
                  | SInv}
  2951 | D:4      | Noticed an ogre
  3060 | D:4      | Slain by an orc priest

Illustrated notes

Levels and vault maps discovered:
D:1:      nzn_arrival_settlement, layout_loops_ring,
          dilly_ecumenical_altar_fadedgnrine, chequers_serial_rivers_micro_a,
          bh_walls_and_bars
D:2:      layout_basic, minmay_gold_behind_fungi, kennysheep_potato
D:3:      layout_loops_cross, pf_just_have_faith, elyvilon_altar_4,
          mainiacjoe_overflow_cross_hatched
D:4:      layout_gridville, mainiacjoe_overflow_small_starburst, st_stairs_12
D:5:      layout_loops_ring, trog_three_pillars_becter,
          mainiacjoe_overflow_divided_tiny, regret_index_xom_of_box,
          gammafunk_ghost_arena, serial_shops, nicolae_shop_industrial_runoff
D:6:      layout_basic, lemuel_doored_altar, mainiacjoe_overflow_tiny_flanked,
          temple_hall

Skill      XL: |  1  2  3  4 |
---------------+-------------+-----
Polearms       | 3 4 |  4.0
Fighting       | 4 |  4.0
Armour         | |  0.9
Dodging        | |  1.7
Stealth        | |  6.0

Action                     |  1- 3 |  4- 6 || total
---------------------------+-------+-------++-------
  Melee: Spear             |    98 |    57 ||   155
Ability: Dig               |     1 |     1 ||     2
    Use: Scroll            |     1 |    10 ||    11
         Potion            |       |     5 ||     5
   Stab: Sleeping          |     2 |     1 ||     3
         Distracted        |     1 |     1 ||     2
 Armour: Plate armour      |    29 |       ||    29
         Leather armour    |    16 |    11 ||    27
         Chain mail        |       |    30 ||    30
  Dodge: Dodged            |    34 |    31 ||    65
